 Dungeon Crawl Stone Soup version 0.26-b1-32-g5d43845318 (webtiles) character file.

Game seed: 4165642060673704508

287 raceaflais the Thaumaturge (level 6, -6/47 HPs)
             Began as a Gnoll Wanderer on Jan 5, 2021.
             Killed from afar by an orc wizard (14 damage)
             ... with a puff of flame
             ... on level 3 of the Dungeon.
             The game lasted 00:14:38 (5111 turns).

raceaflais the Thaumaturge (Gnoll Wanderer)         Turns: 5111, Time: 00:14:40

Health: -6/47      AC:  8    Str: 15    XL:     6   Next: 30%
Magic:  18/18      EV: 11    Int: 13    God:
Gold:   114        SH:  0    Dex: 17    Spells: 22/23 levels left

rFire    . . .     SeeInvis .   b - +0 flail (drain)
rCold    . . .     Faith    .   (no shield)
rNeg     . . .     Spirit   .   m - +0 ring mail
rPois    .         Reflect  .   f - +0 helmet
rElec    .         Harm     .   (no cloak)
rCorr    .         Rampage  .   d - +0 pair of gloves
Will     .....                  k - +0 pair of boots
Stlth    +.........             (no amulet)
HPRegen  0.15/turn              (no ring)
MPRegen  0.16/turn              (no ring)

@: about to teleport, very slightly contaminated, invisible
A: distributed training, fangs 1, strong nose
a: no special abilities


You were on level 3 of the Dungeon.
You visited 1 branch of the dungeon, and saw 3 of its levels.

You collected 114 gold pieces.

Inventory:

Hand Weapons
 a - a +0 dagger
 b - a +0 flail of draining (weapon)
 n - a +0 dagger
Missiles
 e - 9 boomerangs
 g - 94 stones
 i - 2 poisoned darts
 l - 25 arrows
Armour
 d - a +0 pair of gloves (worn)
 f - a +0 helmet (worn)
 k - a +0 pair of boots (worn)
 m - a +0 ring mail (worn)
 p - a +1 hat
Jewellery
 o - an uncursed ring of willpower {unknown}
Scrolls
 h - a scroll of teleportation
 j - 2 scrolls of amnesia


   Skills:
 + Level 3.2 Fighting
 + Level 1.9 Short Blades
 + Level 1.9 Long Blades
 + Level 1.9 Axes
 + Level 1.9 Maces & Flails
 + Level 1.9 Polearms
 + Level 1.9 Staves
 + Level 1.9 Slings
 + Level 1.9 Bows
 + Level 1.9 Crossbows
 + Level 1.9 Throwing
 + Level 1.9 Armour
 + Level 1.9 Dodging
 + Level 1.9 Stealth
 + Level 1.9 Shields
 + Level 4.9 Unarmed Combat
 + Level 9.4 Spellcasting
 + Level 1.5 Conjurations
 + Level 1.5 Hexes
 + Level 1.5 Summonings
 + Level 1.5 Necromancy
 + Level 1.5 Translocations
 + Level 1.5 Transmutations
 + Level 1.5 Fire Magic
 + Level 1.5 Ice Magic
 + Level 1.5 Air Magic
 + Level 2.6 Earth Magic
 + Level 1.5 Poison Magic
 + Level 2.1 Invocations
 + Level 4.9 Evocations


You had 22 spell levels left.
You knew the following spells:

 Your Spells              Type           Power        Failure   Level
a - Magic Dart            Conj           40%          12%         1

Your spell library contained the following spells:

 Spells                   Type           Power        Failure   Level
 Blink                    Tloc           N/A          19%         2
 Call Imp                 Summ           10%          19%         2
 Slow                     Hex            10%          19%         2
 Conjure Flame            Conj/Fire      10%          36%         3
 Mephitic Cloud           Conj/Pois/Air  10%          36%         3


Dungeon Overview and Level Annotations

Branches:
Dungeon (3/15)

Altars:
Elyvilon
Zin


Innate Abilities, Weirdness & Mutations

Your experience applies equally to all skills.
You have very sharp teeth.
Your uncanny sense of smell can sniff out nearby items.


Message History

The puff of frost hits you!
* * * LOW HITPOINT WARNING * * *
The adder barely misses you.
The orc wizard hits you but does no damage.
It was a potion of invisibility.
You fade into invisibility!
The adder barely misses you. The orc wizard barely misses you.
The adder barely misses you.
You are very lightly contaminated with residual magic.
As you read the scroll of teleportation, it crumbles to dust.
You feel strangely unstable. The orc wizard barely misses you.
The adder barely misses you.
The orc wizard hits you but does no damage.
You hit the orc wizard but do no damage.
You drain the orc wizard. Your bite misses the orc wizard.
The orc wizard is almost dead.
The adder barely misses you.
The orc wizard gestures at you while chanting.
The puff of flame hits you!
You die...

# ####)# #†##
#...
####....#
###..#####.##
>....####
#...........#
####.#
#.##.#####..#
# #[# ## ###
#..# #
#)###### ##
#..# #
#......# #.
#..#
####...†..#
#.####..#
......#####
#.@S....#
####.## .
#.o###..# #.#
.# #... ...#
#.# #.#
##.######
####.##.# #.#
o....#.# #.#
......## #.#
######.## #.#
#######.#.#


You could see an orc wizard (fast, drained) and an adder.

Vanquished Creatures
  A centaur skeleton (D:2)
  An orc priest (D:3)
  An orc wizard (D:3)
  5 adders
  6 gnolls (D:3)
  3 oozes
  3 worms
  A dart slug (D:1)
  4 leopard geckos
  5 orcs (D:3)
  A ball python (D:2)
  2 giant cockroaches
  7 goblins
  4 hobgoblins
  4 jackals (D:1)
  8 bats
  6 frilled lizards
  6 kobolds
  7 rats
75 creatures vanquished.

Vanquished Creatures (others)
  A quokka (D:2)
  3 plants (D:2)
4 creatures vanquished.

Grand Total: 79 creatures vanquished

Notes
Turn   | Place    | Note
-------+----------+-------------------------------------------
     0 | D:1      | Reached skill level 9 in Spellcasting
     0 | D:1      | raceaflais the Gnoll Wanderer began the quest for the Orb.
     0 | D:1      | raceaflais set off with the following items: a +0 dagger, a
                  | scroll of teleportation, a wand of random effects (15), a
                  | +0 robe; and the following spell memorised: Magic Dart; and
                  | the following spells available to memorise: Blink, Call
                  | Imp, Slow, Conjure Flame, Mephitic Cloud
     0 | D:1      | Reached XP level 1. HP: 17/17 MP: 10/10
   198 | D:1      | Reached XP level 2. HP: 5/23 MP: 10/12
  1548 | D:1      | Reached XP level 3. HP: 27/28 MP: 10/13
  2057 | D:1      | Reached skill level 1 in Invocations
  2480 | D:2      | Reached skill level 1 in Short Blades
  2480 | D:2      | Reached skill level 1 in Long Blades
  2480 | D:2      | Reached skill level 1 in Axes
  2480 | D:2      | Reached skill level 1 in Maces & Flails
  2480 | D:2      | Reached skill level 1 in Polearms
  2480 | D:2      | Reached skill level 1 in Staves
  2480 | D:2      | Reached skill level 1 in Slings
  2480 | D:2      | Reached skill level 1 in Bows
  2480 | D:2      | Reached skill level 1 in Crossbows
  2480 | D:2      | Reached skill level 1 in Throwing
  2480 | D:2      | Reached skill level 1 in Armour
  2480 | D:2      | Reached skill level 1 in Dodging
  2480 | D:2      | Reached skill level 1 in Stealth
  2480 | D:2      | Reached skill level 1 in Shields
  2480 | D:2      | Reached XP level 4. HP: 23/34 MP: 10/15
  2811 | D:2      | Reached skill level 1 in Conjurations
  2811 | D:2      | Reached skill level 1 in Hexes
  2811 | D:2      | Reached skill level 1 in Summonings
  2811 | D:2      | Reached skill level 1 in Necromancy
  2811 | D:2      | Reached skill level 1 in Translocations
  2811 | D:2      | Reached skill level 1 in Transmutations
  2811 | D:2      | Reached skill level 1 in Fire Magic
  2811 | D:2      | Reached skill level 1 in Ice Magic
  2811 | D:2      | Reached skill level 1 in Air Magic
  2811 | D:2      | Reached skill level 1 in Poison Magic
  3197 | D:2      | Found a glowing silver altar of Zin.
  3478 | D:2      | Reached XP level 5. HP: 39/40 MP: 6/16
  3595 | D:2      | Found a white marble altar of Elyvilon.
  4034 | D:3      | HP: 3/60 [gnoll/+0 flail of draining (3)]
  4688 | D:3      | Reached XP level 6. HP: 5/47 MP: 18/18
  5111 | D:3      | Killed from afar by an orc wizard

Illustrated notes

Levels and vault maps discovered:
D:1:      lemuel_arrival_funnel, layout_basic
D:2:      layout_basic, lemuel_crystal_altar, elyvilon_altar_4, serial_forest,
          infiniplex_forest_clump_tiny, infiniplex_forest_clump_diagonal,
          infiniplex_forest_straight_2, infiniplex_forest_corner_1,
          infiniplex_forest_zigzag_2
D:3:      layout_loops_ring, lemuel_blue_sif_altar, minmay_misc_feat_doors

Skill      XL: |  1  2  3  4  5 |
---------------+----------------+-----
Spellcasting   | |  9.4
Earth Magic    | 2 |  2.6
Invocations    | 1 2 |  2.1
Short Blades   | 1 |  1.9
Long Blades    | 1 |  1.9
Axes           | 1 |  1.9
Maces & Flails | 1 |  1.9
Polearms       | 1 |  1.9
Staves         | 1 |  1.9
Slings         | 1 |  1.9
Bows           | 1 |  1.9
Crossbows      | 1 |  1.9
Throwing       | 1 |  1.9
Armour         | 1 |  1.9
Dodging        | 1 |  1.9
Stealth        | 1 |  1.9
Shields        | 1 |  1.9
Conjurations   | 1 |  1.5
Hexes          | 1 |  1.5
Summonings     | 1 |  1.5
Necromancy     | 1 |  1.5
Translocations | 1 |  1.5
Transmutations | 1 |  1.5
Fire Magic     | 1 |  1.5
Ice Magic      | 1 |  1.5
Air Magic      | 1 |  1.5
Poison Magic   | 1 |  1.5
Fighting       | 3 |  3.2
Unarmed Combat | |  4.9
Evocations     | |  4.9

Action                   |  1- 3 |  4- 6 || total
-------------------------+-------+-------++-------
Melee: Dagger            |   146 |   116 ||   262
       Bite              |    16 |    23 ||    39
       Punch             |     4 |     4 ||     8
       Flail             |       |    59 ||    59
 Cast: Magic Dart        |    42 |    49 ||    91
Evoke: Wand              |     3 |    12 ||    15
  Use: Scroll            |     5 |     4 ||     9
       Potion            |     1 |     4 ||     5
 Stab: Sleeping          |     1 |     1 ||     2
       Paralysed         |     2 |     4 ||     6
Armor: Robe              |    46 |       ||    46
       Ring mail         |       |    84 ||    84
       Skin              |       |    33 ||    33
Dodge: Dodged            |    96 |   109 ||   205
